 Dungeon Crawl Stone Soup version 0.26.1-11-gd32895ea62 (webtiles) character file.

Game seed: 14369953150806870924

2412 nomophobia the Chopper (level 9, -10/69 HPs)
             Began as a Demonspawn Berserker on May 24, 2021.
             Was an Elder of Trog.
             Mangled by an orc warrior
             ... wielding a +0 flail
              (12 damage)
             ... on level 7 of the Dungeon.
             The game lasted 00:33:37 (7369 turns).

nomophobia the Chopper (Demonspawn Berserker)       Turns: 7369, Time: 00:33:38

Health: -10/69     AC:  8    Str: 21    XL:     9   Next: 23%
Magic:  9/9        EV: 11    Int:  8    God:    Trog [****..]
Gold:   330        SH:  0    Dex: 13    Spells: 8/8 levels left

rFire    . . .     SeeInvis +   m - +1 hand axe (flame)
rCold    + . .     Faith    .   (no shield)
rNeg     . . .     Spirit   .   l - +0 ring mail
rPois    .         Reflect  .   (no helmet)
rElec    .         Harm     .   j - +0 cloak {rCorr}
rCorr    +         Rampage  .   (no gloves)
Will     .....                  (no boots)
Stlth    +.........             (no amulet)
HPRegen  0.21/turn              i - ring of protection from cold
MPRegen  0.11/turn              q - ring of see invisible

@: berserk cooldown, slowed, very slow
A: claws 2, talons 1, foul stench 1, spiny 1, miasma immunity
a: Renounce Religion, Berserk, Trog's Hand, Brothers in Arms


You were on level 7 of the Dungeon.
You worshipped Trog.
Trog was greatly pleased with you.
You visited 1 branch of the dungeon, and saw 7 of its levels.

You collected 330 gold pieces.

Inventory:

Hand Weapons
 m - a +1 hand axe of flaming (weapon)
Armour
 j - a +0 cloak of preservation (worn)
 l - a +0 ring mail (worn)
Jewellery
 i - a ring of protection from cold (left claw)
 q - a ring of see invisible (right claw)
Scrolls
 e - 7 scrolls of identify
 f - a scroll of remove curse
 h - 5 scrolls of teleportation
 o - a scroll of enchant weapon
Potions
 b - a potion of resistance {unknown}
 c - 2 potions of attraction {unknown}
 d - 2 potions of curing {unknown}
 g - a potion of cancellation {unknown}
 k - 2 potions of lignification {unknown}
 n - a potion of degeneration {unknown}


   Skills:
 + Level 6.3 Fighting
 * Level 7.7 Axes
 * Level 7.4 Armour
 - Level 1.8 Dodging


You had 8 spell levels left.
You didn't know any spells.
Your spell library was empty.

Dungeon Overview and Level Annotations

Branches:
Dungeon (7/15)
 Temple: D:4-7

Altars:
Elyvilon
Hepliaklqana
Qazlal
Trog
Vehumet
Wu Jian
Xom
Yredelemnul

Shops:
D:4 *

Annotations:
D:6 1 runed translucent door


Innate Abilities, Weirdness & Mutations

You have very sharp fingernails.
You have sharp toenails.
You may emit foul miasma when damaged in melee.
You are partially covered in sharp spines.
You are immune to miasma.


Message History

The orc warrior is struck by your spines.
The orc warrior hits you with a +0 flail!
* * * LOW HITPOINT WARNING * * *
The leopard gecko closely misses you.
The leopard gecko skeleton is struck by your spines.
You destroy the leopard gecko skeleton!
Trog accepts your kill.
Your ogre goes berserk!
The leopard gecko is struck by your spines.
You kill the leopard gecko!
Trog accepts your kill.
The orc warrior hits you with a +0 flail!!
* * * LOW HITPOINT WARNING * * *
The orc warrior looks sick.
The orc hits you but does no damage.
Your ogre hits the orc with a +0 giant club!!!
The orc dies!
Trog accepts your kill.
The orc warrior is struck by your spines.
The orc warrior hits you with a +0 flail!
You die...

##..##.##.....#
#...##.##.....[.
#.#....##....#..
##.#..#########
. ########.†#..#
.......#)##..#
.............#
.........###.#
.......@## #.#
......Oo# #.#
.......)...#..
...............
...............
##.............
#.#...........
#.#........... #
#...........


You could see an orc warrior (sick) and a friendly ogre (summoned, berserk).

Vanquished Creatures
  Sigmund (D:3)
  3 vampire mosquitoes (D:7)
  A sky beast (D:5)
  2 orc warriors (D:6)
  3 ogres
  2 centaurs
  A bullfrog (D:6)
  A scorpion (D:4)
  3 killer bees (D:6)
  A howler monkey (D:6)
  6 orc priests
  2 hounds
  Crazy Yiuf (D:4)
  A centaur skeleton (D:5)
  3 iguanas (D:6)
  5 orc wizards
  2 worker ants (D:4)
  A hound skeleton (D:4)
  9 gnolls
  8 adders
  2 shadow imps (D:5)
  A white imp (D:5)
  2 ufetubi
  An ooze (D:6)
  2 worms
  2 dart slugs
  9 leopard geckos
  25 orcs
  2 ball pythons
  4 giant cockroaches
  5 hobgoblins (D:1)
  7 jackals
  8 bats
  6 frilled lizards
  4 goblins (D:1)
  8 kobolds
  A leopard gecko skeleton (D:7)
  5 rats
150 creatures vanquished.

Vanquished Creatures (collateral kills)
  An orc (D:7)
1 creature vanquished.

Grand Total: 151 creatures vanquished

Notes
Turn   | Place    | Note
-------+----------+-------------------------------------------
     0 | D:1      | nomophobia the Demonspawn Berserker began the quest for the
                  | Orb.
     0 | D:1      | Reached XP level 1. HP: 18/18 MP: 1/1
   611 | D:1      | Gained mutation: You are partially covered in sharp spines.
                  | [demonic ancestry]
   611 | D:1      | Reached XP level 2. HP: 22/24 MP: 2/2
   955 | D:1      | Reached ** piety under Trog
   960 | D:1      | Reached XP level 3. HP: 29/29 MP: 3/3
  1748 | D:2      | Gained mutation: You have sharp fingernails. [demonic
                  | ancestry]
  1748 | D:2      | Reached XP level 4. HP: 28/35 MP: 4/4
  1975 | D:2      | Found a faded altar of an unknown god.
  2060 | D:2      | Found a shimmering altar of Xom.
  2860 | D:3      | Gained mutation: You are immune to miasma. [demonic
                  | ancestry]
  2860 | D:3      | Reached XP level 5. HP: 42/42 MP: 5/5
  2911 | D:3      | Noticed Sigmund
  2920 | D:3      | Killed Sigmund
  2920 | D:3      | Reached *** piety under Trog
  2921 | D:3      | Gained mutation: You have very sharp fingernails. [demonic
                  | ancestry]
  2921 | D:3      | Reached XP level 6. HP: 48/48 MP: 6/6
  2994 | D:3      | Found a basalt altar of Yredelemnul.
  3912 | D:4      | Reached skill level 5 in Axes
  4002 | D:4      | Found a runed translucent door.
  4003 | D:4      | Noticed Crazy Yiuf
  4011 | D:4      | Killed Crazy Yiuf
  4012 | D:4      | Gained mutation: You may emit foul miasma when damaged in
                  | melee. [demonic ancestry]
  4012 | D:4      | Reached XP level 7. HP: 55/55 MP: 7/7
  4116 | D:4      | Found Teig's Mayhem Merchandise.
  4210 | D:4      | You fall into a shaft and drop 1 floor!
  4210 | D:5      | Entered Level 5 of the Dungeon
  4625 | D:5      | Found a radiant altar of Vehumet.
  4692 | D:5      | Reached skill level 5 in Armour
  4958 | D:5      | Found a hazy altar of Hepliaklqana.
  4958 | D:5      | Found a bloodstained altar of Trog.
  5259 | D:5      | Reached skill level 5 in Fighting
  5503 | D:5      | Gained mutation: You have sharp toenails. [demonic
                  | ancestry]
  5503 | D:5      | Reached XP level 8. HP: 61/62 MP: 8/8
  6033 | D:6      | Found an ornate altar of the Wu Jian Council.
  6222 | D:6      | Reached **** piety under Trog
  6656 | D:6      | Found a white marble altar of Elyvilon.
  6658 | D:6      | Found a runed translucent door.
  6658 | D:6      | Noticed an angel
  6727 | D:6      | Found a stormy altar of Qazlal.
  7348 | D:7      | Reached XP level 9. HP: 69/69 MP: 9/9
  7368 | D:7      | HP: 1/69 [orc warrior/+0 flail (18)]
  7369 | D:7      | Mangled by an orc warrior

Illustrated notes

Levels and vault maps discovered:
D:1:      dpeg_arrival_solitude, layout_basic
D:2:      layout_loops_ring, old_standard_altar,
          chequers_ecumenical_altar_simple, minmay_fractal_squares_gapless_5
D:3:      layout_loops_ring, lemuel_doored_altar, kennysheep_generic_room_10,
          uniq_sigmund
D:4:      layout_loops_corners, lemuel_round_altar, minmay_shop_mayhem,
          uniq_natasha, uniq_crazy_yiuf_cottage
D:5:      layout_basic, lemuel_crystal_altar, grunt_temple_overflow_open,
          kennysheep_generic_room_15
D:6:      layout_loops_ring, grunt_qazlal_sundering,
          pdpol_wu_jian_five_deadly_venoms, minivault_14, fountainhead,
          lemuel_angel_altar
D:7:      layout_rooms, minmay_temple_entry_butterflies

Skill      XL: |  1  2  3  4  5  6  7  8 |
---------------+-------------------------+-----
Armour         | 2 3 4 5 7 |  7.4
Axes           | 3 4 5 6 7 |  7.7
Fighting       | 4 5 6 |  6.3
Dodging        | |  1.8

Action                   |  1- 3 |  4- 6 |  7- 9 || total
-------------------------+-------+-------+-------++-------
Melee: Hand axe          |    74 |   117 |   149 ||   340
       Kick              |       |       |    26 ||    26
Invok: Berserk           |     2 |     4 |     9 ||    15
       Brothers in Arms  |       |       |     1 ||     1
  Use: Scroll            |       |     7 |     5 ||    12
 Stab: Sleeping          |     2 |       |       ||     2
       Distracted        |       |     1 |       ||     1
Armor: Animal skin       |    15 |     4 |       ||    19
       Ring mail         |       |    30 |    50 ||    80
Dodge: Dodged            |    49 |    59 |    84 ||   192
